 Dungeon Sprint DCSS version 0.30-a0-920-g7493c07aab (webtiles) character file.

Game seed: 1942891047184883098

1645 dialectric the Imperceptible (level 8, -11/43 HPs)
             Began as a Spriggan Brigand on Mar 21, 2023.
             Was an Initiate of Dithmenos.
             Shot with an arrow by a centaur warrior (22 damage)
             ... in the Dungeon (Sprint II: "The Violet Keep of Menkaure").
             The game lasted 00:03:03 (537 turns).

dialectric the Imperceptible (Spriggan Brigand)      Turns: 537, Time: 00:03:04

Health: -11/43     AC:  3    Str: 15      XL:     8   Next: 67%
Magic:  9/9        EV: 18    Int: 12 (13) God:    Dithmenos [......]
Gold:   955        SH:  0    Dex: 15 (16) Spells: 7/7 levels left

rFire   . . .      SeeInvis +    a - +2 dagger
rCold   . . .      Faith    .    (no shield)
rNeg    . . .      Spirit   .    b - +0 robe
rPois   .          Reflect  .    (helmet restricted)
rElec   .          Rampage  .    c - +0 cloak
rCorr   .          NoTele   +    (gloves unavailable)
Will    +....                    (boots unavailable)
Stlth   +++++++++                (no amulet)
HPRegen 0.27/turn                t - +6 ring of strength
MPRegen 0.11/turn                (no ring)

@: flying (expiring), very quick
A: very small, no large weapons, unfitting armour, see invisible, speed 3,
deterioration 1
a: Renounce Religion


You were in the Dungeon.
You worshipped Dithmenos.
Dithmenos was noncommittal.
You visited 1 branch You collected 1087 gold pieces.
You spent 132 gold pieces at shops.

Inventory:

Hand Weapons
 a - a +2 dagger (weapon)
Missiles
 d - 22 poisoned darts (quivered)
 e - 3 curare-tipped darts
 B - 2 silver boomerangs
Armour
 b - a +0 robe (worn)
 c - a +0 cloak (worn)
Jewellery
 s - a ring of ice
 t - a +6 ring of strength (left hand)
Scrolls
 j - 2 scrolls of brand weapon {unknown}
 k - 2 scrolls of blinking
 l - 2 scrolls of vulnerability {unknown}
 m - 2 scrolls of magic mapping {unknown}
 o - a scroll of enchant weapon {unknown}
 u - a scroll of enchant armour {unknown}
 v - 4 scrolls of identify {unknown}
 x - 2 scrolls of poison {unknown}
 y - a scroll of amnesia {unknown}
Potions
 f - 2 potions of curing
 g - a potion of mutation {unknown}
 h - a potion of haste
 i - 5 potions of magic
 n - 2 potions of lignification {unknown}
 p - a potion of heal wounds
 q - 2 potions of flight
 r - a potion of attraction {unknown}
 w - a potion of ambrosia {unknown}
 z - 3 potions of resistance {unknown}
 A - 2 potions of cancellation {unknown}


   Skills:
 + Level 5.3 Fighting
 + Level 8.9 Short Blades
 - Level 2.0 Throwing
 + Level 4.0 Dodging
 + Level 24.4 Stealth


You had 7 spell levels left.
You didn't know any spells.
Your spell library was empty.

Dungeon Overview and Level Annotations

Branches:
Dungeon (1/1)

Altars:
Cheibriados
Dithmenos
Elyvilon
Fedhas
Gozag
Hepliaklqana
Kikubaaqudgha
Makhleb
Nemelex Xobeh
Okawaru
Qazlal
Ru
Sif Muna
Trog
Uskayaw
Vehumet
Wu Jian
Xom
Yredelemnul
Zin
The Shining One
Jiyva
Lugonu

Shops:
D [=:![([([=*?:!(

Annotations:
D exclusion: oklob plant, Kirke, Menkaure, Roxanne


Innate Abilities, Weirdness & Mutations

You are very small and have problems with some larger weapons.
You are too small for most types of armour.
You have supernaturally acute eyesight. (SInv)
You cover ground extremely quickly. (Speed+++)
Your body sometimes deteriorates upon taking damage.


Message History

You feel your intelligence returning.
Your Dodging skill increases to level 4!
Your Stealth skill increases to level 24!
Kirke points at you and mumbles some strange words.
You resist with significant effort.
The centaur warrior shouts!
The yaktaur captain shouts!
Things that are here:
a +0 dagger; a +0 robe; a kobold corpse You hit the yaktaur captain but do no damage.
The yaktaur captain hits you!!
Ouch! That really hurt!
* * * LOW HITPOINT WARNING * * *
Your body deteriorates!
You feel dopey. Kirke barely misses you.
Unknown command.
The yaktaur captain wields a +0 arbalest.
The yaktaur captain shoots a bolt.
The bolt closely misses you.
There is an open door here.
There is an open door here.
There is a staircase leading out of the dungeon here.
There is an open door here.
Found 243 gold pieces.
You see here a wyvern skeleton.
You now have 955 gold pieces (gained 243).
You reach down and open the door.
Marking area around Roxanne as unsafe for travelling.
There is an open door here.
You are starting to lose your buoyancy.
You reach down and open the door.
A vampire mosquito comes into view.
Found a scroll labelled SAOZETZIEF.
There is an open door here.
The helpless vampire mosquito fails to defend itself.
You skewer the vampire mosquito like a kebab!!!!!
You destroy the vampire mosquito!
Dithmenos accepts your kill.
The centaur warrior wields a +0 shortbow.
The centaur warrior shoots an arrow.
The arrow hits you!!
Ouch! That really hurt!
You die...

##.∩.∩.∩.∩#~~####.######..##
##..∩.∩...#~##.###'###.##..#
##...∩.∩..#~#..###.##...#..#
##....⌠...c~'##.'.<.'##.+..##
##........#~#..###.##...#...h
#▓▓▓▓▓▓▓###~##.###'###.##....
##)?Z######~~####.#.####~~...
#).$#h ##~~~#÷###.#~~~~~§~
#∩P)+. #@#~##.#.##~~~~~§~
#=JJ [ #?#~~##'##~~~§≈≈§§
####~~~~~~~~~~≈≈§§
#+++#+++#~≈≈§≈§ ~~~. ##§≈≈##
~~~~§. ~§8~§~..+ .~§§§~~##
~~~§~.~## #


You could see a centaur warrior.

Vanquished Creatures
  A kobold demonologist (D)
  2 wyverns (D)
  4 neqoxecs (D)
  A vampire mosquito (D)
  A water moccasin (D)
  4 necrophages (D)
  4 scorpions (D)
17 creatures vanquished.

Vanquished Creatures (others)
  A water moccasin (D)
  4 tentacles (D)
5 creatures vanquished.

Grand Total: 22 creatures vanquished

Notes
Turn   | Place    | Note
-------+----------+-------------------------------------------
     0 | D        | dialectric the Spriggan Brigand began the quest for the
                  | Orb.
     0 | D        | Reached XP level 1. HP: 10/10 MP: 2/2
     1 | D        | Noticed a scorpion
     1 | D        | Noticed a scorpion
     3 | D        | Noticed a scorpion
     3 | D        | Noticed a scorpion
    10 | D        | Killed a scorpion
    11 | D        | Reached skill level 11 in Stealth
    11 | D        | Reached XP level 2. HP: 15/15 MP: 3/3
    11 | D        | Reached XP level 3. HP: 18/18 MP: 4/4
    15 | D        | Killed a scorpion
    16 | D        | Reached skill level 14 in Stealth
    16 | D        | Reached XP level 4. HP: 23/23 MP: 5/5
    20 | D        | Killed a scorpion
    21 | D        | Reached skill level 15 in Stealth
    21 | D        | Reached XP level 5. HP: 28/28 MP: 6/6
    26 | D        | Reached skill level 17 in Stealth
    36 | D        | Noticed a neqoxec
    39 | D        | Killed a neqoxec
    40 | D        | Reached skill level 5 in Short Blades
    40 | D        | Reached skill level 19 in Stealth
    40 | D        | Reached XP level 6. HP: 28/32 MP: 7/7
    48 | D        | Reached skill level 20 in Stealth
    51 | D        | Reached XP level 7. HP: 35/37 MP: 8/8
    57 | D        | Noticed a wyvern
    57 | D        | Noticed a wyvern
    60 | D        | Killed a wyvern
    61 | D        | Reached skill level 21 in Stealth
    63 | D        | Killed a wyvern
    64 | D        | Reached skill level 22 in Stealth
    70 | D        | Noticed a neqoxec
    71 | D        | Noticed a neqoxec
    82 | D        | Gained mutation: Your body sometimes deteriorates upon
                  | taking damage. [a neqoxec]
   115 | D        | Killed a neqoxec
   116 | D        | Reached XP level 8. HP: 8/42 MP: 9/9
   126 | D        | Found Raffir Asoa's Magic Scroll Shop.
   126 | D        | Found Yheih's Antique Armour Boutique.
   126 | D        | Found Jupoob's Jewellery Boutique.
   126 | D        | Found Fudwob's Antique Weapon Shop.
   126 | D        | Found Deesmug's General Store.
   126 | D        | Found Ciligeha's Antique Weapon Shop.
   126 | D        | Found Toorhypt's Book Boutique.
   126 | D        | Found Dosus's Distillery.
   127 | D        | Found Bampe's Antique Armour Shop.
   127 | D        | Found Jytynk's Weapon Boutique.
   130 | D        | Found Wocsun's Antique Armour Boutique.
   130 | D        | Found Tuireli's Distillery.
   130 | D        | Noticed an oklob plant
   131 | D        | Found Hof Foti's Jewellery Shop.
   131 | D        | Found Qura Iqa's Book Shoppe.
   131 | D        | Found Uniofeg's Armour Boutique.
   133 | D        | Noticed a slime creature
   133 | D        | Noticed a slime creature
   136 | D        | Noticed a polar bear
   252 | D        | Bought a potion of curing for 36 gold pieces
   252 | D        | Bought a potion of invisibility for 96 gold pieces
   264 | D        | Reached skill level 23 in Stealth
   267 | D        | Reached skill level 5 in Fighting
   305 | D        | Found a glowing silver altar of Zin.
   306 | D        | Found a glowing golden altar of the Shining One.
   306 | D        | Found a basalt altar of Yredelemnul.
   306 | D        | Found a hide-covered altar of Uskayaw.
   307 | D        | Found a shimmering altar of Xom.
   307 | D        | Found a bloodstained altar of Trog.
   308 | D        | Found an ornate altar of the Wu Jian Council.
   308 | D        | Found a shimmering blue altar of Sif Muna.
   308 | D        | Found a corrupted altar of Lugonu.
   308 | D        | Found a radiant altar of Vehumet.
   308 | D        | Found a burning altar of Makhleb.
   309 | D        | Found a sacrificial altar of Ru.
   309 | D        | Found an ancient bone altar of Kikubaaqudgha.
   309 | D        | Found a white marble altar of Elyvilon.
   310 | D        | Found a stormy altar of Qazlal.
   310 | D        | Found a viscous altar of Jiyva.
   310 | D        | Found a shadowy altar of Dithmenos.
   311 | D        | Found a hazy altar of Hepliaklqana.
   311 | D        | Found a snail-covered altar of Cheibriados.
   312 | D        | Found a sparkling altar of Nemelex Xobeh.
   312 | D        | Found a blossoming altar of Fedhas.
   313 | D        | Found an opulent altar of Gozag.
   313 | D        | Found an iron altar of Okawaru.
   320 | D        | Became a worshipper of Dithmenos the Shadowed
   329 | D        | Noticed Menkaure
   340 | D        | Noticed a kraken
   468 | D        | Noticed a yaktaur
   468 | D        | Noticed a hornet
   468 | D        | Noticed a polar bear
   468 | D        | Noticed a polar bear
   500 | D        | Noticed an elephant
   500 | D        | Noticed a centaur warrior
   500 | D        | Noticed Kirke
   500 | D        | Noticed a skeletal warrior
   500 | D        | Noticed a yaktaur captain
   500 | D        | Noticed a kobold demonologist
   502 | D        | Killed a kobold demonologist
   503 | D        | Reached skill level 24 in Stealth
   528 | D        | Noticed Roxanne
   537 | D        | Shot with an arrow by a centaur warrior

Illustrated notes

Levels and vault maps discovered:
D:        the_violet_keep_of_menkaure [sprint2_stairs_cluster_1,
          sprint2_shoproom, sprint2_temple, sprint2_basic_supplies,
          sprint2_obstacle_6, sprint2_obstacle_3, sprint2_obstacle_7,
          sprint2_obstacle_2, sprint2_obstacle_5, sprint2_timed_cluster_1,
          sprint2_smallroom_cluster_1, sprint2_smallroom_final_cluster_1,
          sprint2_transparent_cluster_1, sprint2_second_timed_cluster_1,
          sprint2_sniper_area_1, sprint2_heavy_combat_area_1,
          sprint2_mutation_trap_area_1, sprint2_forest_area_1,
          sprint2_light_combat_area_1, sprint2_behind_water_1,
          sprint2_near_end_vault_1]

Skill      XL: |  1  2  3  4  5  6  7  8 |
---------------+-------------------------+-----
Fighting       | 2 3 4 5 |  5.3
Short Blades   | 3 4 5 6 7 8 |  8.9
Stealth        | 11 14 15 19 20 22 24 | 24.4
Dodging        | 2 3 4 |  4.0
Throwing       | |  2.0

Action                     |  1- 3 |  4- 6 |  7- 9 || total
---------------------------+-------+-------+-------++-------
  Melee: Dagger            |     8 |    14 |    57 ||    79
         Punch             |       |       |     1 ||     1
    Use: Potion            |     2 |     1 |     2 ||     5
   Stab: Sleeping          |       |     4 |     5 ||     9
         Invisible         |       |       |     3 ||     3
 Armour: Robe              |     4 |     1 |     2 ||     7
  Dodge: Dodged            |     7 |     5 |    28 ||    40

Table legend: (Time is in decaauts)
 A = Elapsed time spent in this place.
 B = Non-inter-level travel time spent in this place.
 C = Inter-level travel time spent in this place.
 D = Time resting spent in this place.
 E = Time spent auto-exploring this place.
 F = Levels seen in this place.
 G = Mean time per level.
                   A        B        C        D        E       F      G
               +--------+--------+--------+--------+--------+-----+--------+
         Total |    436 |    436 |      0 |      3 |    113 |   1 |  436.0 |
       Dungeon |    436 |    436 |      0 |      3 |    113 |   1 |  436.0 |
               +--------+--------+--------+--------+--------+-----+--------+

Top non-repeatable levels by time:
       D: 436 daAuts
